AoeStats
← 体制少妇白洁

Arena

508873997Analyzed
4v4 RM · 9d ago on Sep 24, 2026· 46m 36s· 8 players
Game mode
Random Map
Map size
Large (8 player)
Population
200
Speed
Normal
Resources
Standard
Victory
Conquest
Starting age
Dark Age
Ending age
Imperial Age
RankedLock teamsTeams togetherTeam positionsShared explorationLock speedFull tech treeHidden civsTurbo modeCheats
Victory
Defeat
🇨🇳 Magyars · China
1690
+11
🇭🇰 Danes · Hong Kong SAR China
1493
+19
🇨🇳 Saxons · China
1399
+23
🇨🇳 Ethiopians · China
1659
-22
🇨🇳 Varangians · China
1539
-18
🇺🇸 Saxons · United States
1532
-18
🇨🇳 Franks · China
1525
-18
洛莉
10:33 Feudal Age
14:36 Castle Age
12:44 Double-Bit Axe
12:41 Horse Collar
15:42 Bow Saw
15:34 Heavy Plow
21:11 Loom
22:57 Gold Mining
24:28 Wheelbarrow
23:41 Town Watch
26:24 Hand Cart
28:59 Imperial Age
26:44 Fletching
26:56 Padded Archer Armor
27:17 Crossbowman
28:36 Bodkin Arrow
28:57 Leather Archer Armor
29:28 Ballistics
29:25 Thumb Ring
29:11 Arbalester
29:52 Bracer
31:13 Chemistry
32:13 Squires
32:40 Conscription
32:38 Scale Mail Armor
33:26 Halberdier
34:23 Chain Mail Armor
34:19 Forging
34:42 Ring Archer Armor
37:02 Plate Mail Armor
37:07 Iron Casting
36:40 Siege Engineers
MrWrong
6:37 Loom
8:52 Feudal Age
9:47 Double-Bit Axe
15:37 Fletching
22:51 Castle Age
23:30 Bodkin Arrow
24:09 Bow Saw
24:23 Guard Tower
24:54 Crossbowman
25:54 Horse Collar
26:39 Ballistics
29:12 Wheelbarrow
36:12 Imperial Age
34:10 Gold Mining
34:12 Stone Mining
35:12 Hand Cart
34:58 Scale Mail Armor
37:32 Conscription
37:32 Chain Mail Armor
38:00 Gold Shaft Mining
37:10 Elite Hearth Troop
37:22 Elite Hearth Troop
39:38 Plate Mail Armor
39:27 Forging
39:19 Squires
39:06 Gambesons
39:06 Shield Wall
42:31 Iron Casting
44:26 Two-Man Saw
43:26 Heavy Plow
45:56 Coinage
45:38 Guilds
劳斯莱斯枭犽
10:57 Feudal Age
11:11 Loom
14:36 Fletching
26:32 Wheelbarrow
28:06 Castle Age
26:57 Scale Mail Armor
27:08 Forging
28:19 Arson
29:37 Chain Mail Armor
29:58 Iron Casting
30:28 Wheelbarrow
30:05 Squires
29:51 Gambesons
29:57 Man-at-Arms
33:09 Long Swordsman
43:17 Light Cavalry
43:58 Husbandry
IAM
9:41 Feudal Age
10:43 Loom
13:50 Castle Age
12:12 Double-Bit Axe
12:30 Horse Collar
19:50 Bow Saw
21:46 Gold Mining
25:21 Heavy Plow
26:40 Wheelbarrow
29:20 Forging
29:42 Scale Barding Armor
31:04 Iron Casting
32:34 Bloodlines
32:24 Husbandry
35:03 Imperial Age
32:27 Stone Mining
33:34 Chain Barding Armor
34:24 Hand Cart
36:05 Stone Shaft Mining
35:18 Town Watch
36:07 Conscription
36:22 Elite Jarl
38:07 Plate Barding Armor
39:34 Vendel Legacy
40:11 Fletching
41:24 Blast Furnace
41:19 Fletching
41:16 Light Cavalry
42:42 Masonry
42:53 Ballistics
45:47 Fortified Wall
Coriandrum sativum
10:12 Feudal Age
9:26 Loom
14:20 Castle Age
12:50 Double-Bit Axe
12:47 Horse Collar
26:12 Scale Barding Armor
28:27 Chain Barding Armor
29:53 Gold Mining
30:58 Wheelbarrow
31:45 Bow Saw
31:43 Heavy Plow
36:42 Imperial Age
34:37 Fletching
34:47 Padded Archer Armor
35:00 Bloodlines
35:40 Bodkin Arrow
36:32 Hand Cart
36:51 Ballistics
36:45 Thumb Ring
37:05 Heavy Cavalry Archer
38:10 Conscription
38:12 Bracer
39:24 Chemistry
39:55 Gold Shaft Mining
39:50 Leather Archer Armor
39:37 Husbandry
39:53 Recurve Bow
40:45 Parthian Tactics
41:28 Ring Archer Armor
42:12 Stone Mining
44:43 Light Cavalry
45:58 Plate Barding Armor
46:49 Crop Rotation
47:23 Two-Man Saw
体制少妇白洁
10:22 Feudal Age
11:27 Double-Bit Axe
11:24 Horse Collar
14:29 Castle Age
15:31 Bow Saw
15:23 Heavy Plow
15:59 Wheelbarrow
23:46 Hand Cart
23:35 Gold Mining
25:03 Loom
27:52 Imperial Age
26:59 Gold Shaft Mining
26:36 Squires
26:21 Arson
26:39 Scale Mail Armor
26:50 Forging
28:01 Chain Mail Armor
27:47 Hamask
28:30 Capped Ram
29:59 Plate Mail Armor
28:59 Elite Varangian Guard
30:23 Siege Ram
32:07 Conscription
32:35 Padded Archer Armor
32:47 Onager
34:06 Siege Engineers
34:37 Northmen's Fury
34:47 Siege Onager
38:10 Fletching
38:21 Padded Archer Armor
38:32 Caravan
38:04 Pikeman
38:56 Halberdier
40:09 Heavy Mounted Crossbowman
41:26 Thumb Ring
40:42 Cranequins
42:23 Bodkin Arrow
42:44 Leather Archer Armor
43:34 Chemistry
夫国之有民,犹水之有舟,停则以安,扰则以危
10:07 Feudal Age
13:36 Castle Age
12:13 Double-Bit Axe
12:28 Horse Collar
15:36 Bow Saw
23:32 Wheelbarrow
28:29 Imperial Age
26:45 Scale Mail Armor
26:56 Forging
27:46 Hand Cart
27:22 Light Cavalry
28:12 Bloodlines
28:14 Heavy Plow
28:08 Stone Mining
28:08 Gold Mining
28:34 Scale Barding Armor
28:38 Husbandry
28:24 Loom
29:40 Iron Casting
29:13 Town Watch
30:44 Chain Barding Armor
30:48 Hussar
32:11 Plate Barding Armor
31:53 Capped Ram
34:18 Blast Furnace
33:45 Siege Ram
39:41 Coinage
42:16 Crop Rotation
42:48 Two-Man Saw
41:28 Heavy Scorpion
44:10 Banking
44:16 Siege Engineers
44:32 Ballistics
45:12 Chemistry
FoLuo
5:40 Loom
8:01 Feudal Age
10:04 Fletching
15:26 Wheelbarrow
14:53 Horse Collar
24:31 Castle Age
22:26 Stone Mining
22:26 Gold Mining
24:03 Double-Bit Axe
25:35 Bow Saw
26:00 Heavy Plow
32:10 Gold Shaft Mining
32:56 Bodkin Arrow
33:44 Hand Cart
34:57 Town Watch
38:05 Imperial Age
36:22 Scale Mail Armor
36:32 Forging
36:22 Man-at-Arms
37:03 Squires
36:48 Gambesons
36:48 Arson
37:59 Town Patrol
38:21 Chain Mail Armor
38:42 Iron Casting
37:33 Long Swordsman
40:11 Two-Man Saw
39:45 Crop Rotation
38:45 Shield Wall
40:08 Plate Mail Armor
40:10 Conscription
39:17 Two-Handed Swordsman
40:42 Elite Hearth Troop
40:47 Champion
41:35 Bracer
43:44 Hoardings
43:29 Elite Varangian Guard
44:53 Masonry
45:08 Ballistics
45:35 Caravan
45:46 Guilds
Connection lost

Rejoining the realm…

Still unreachable

The connection could not be restored.

Session expired

The server has moved on; the page needs a fresh start.